 Dungeon Crawl Stone Soup version 0.28-a0-1142-gc8569940dd (webtiles) character file.

Game seed: 364107196510079118

37 Ijustatesigmund the Chopper (level 3, -15/33 HPs)
             Began as a Hill Orc Fighter on Dec 13, 2021.
             Blown up by a kobold (19 damage)
             ... with a mindburst bolt
             ... on level 2 of the Dungeon.
             The game lasted 00:01:30 (890 turns).

Ijustatesigmund the Chopper (Hill Orc Fighter)       Turns: 890, Time: 00:01:31

Health: -15/33     AC:  6    Str: 18    XL:     3   Next: 41%
Magic:  3/3        EV:  9    Int: 10    God:
Gold:   30         SH:  4    Dex: 10    Spells: 2/2 levels left

rFire   . . .      SeeInvis .   a - +0 war axe
rCold   . . .      Faith    .   c - +0 buckler
rNeg    . . .      Spirit   .   b - +0 scale mail
rPois   .          Reflect  .   (no helmet)
rElec   .          Harm     .   (no cloak)
rCorr   .          Rampage  .   (no gloves)
Will    .....                   (no boots)
Stlth   ..........              (no amulet)
HPRegen 0.11/turn               (no ring)
MPRegen 0.08/turn               (no ring)

@: no status effects
A: no striking features
a: no special abilities


You were on level 2 of the Dungeon.
You visited 1 branch of the dungeon, and saw 2 of its levels.

You collected 30 gold pieces.

Inventory:

Hand Weapons
 a - a +0 war axe (weapon)
Armour
 b - a +0 scale mail (worn)
 c - a +0 buckler (worn)
Scrolls
 e - a scroll of identify
 f - a scroll of fog
 g - a scroll of teleportation
Potions
 d - a potion of might
 h - a potion of resistance


   Skills:
 + Level 4.2 Fighting
 * Level 4.4 Axes
 - Level 3.2 Armour
 - Level 3.2 Shields


You had 2 spell levels left.
You didn't know any spells.
Your spell library contained the following spells:

 Spells                   Type           Power      Damage    Failure   Level
 Passwall                 Tmut/Erth      0%         N/A       89%         2
 Swiftness                Air            0%         N/A       98%         3


Dungeon Overview and Level Annotations

Branches:
Dungeon (2/15)

Altars:


Message History

The bat closely misses you.
You miss the bat. The bat closely misses you.
The kobold zaps a wand.
Your mind is blasted!
The bat closely misses you. The kobold barely misses you.
You closely miss the kobold. You hit the jackal. You block the jackal's attack.
The kobold barely misses you. The bat hits you but does no damage.
The jackal closely misses you. The kobold hits you but does no damage.
You slash the jackal!
You kill the jackal!
You hit the bat. The kobold blocks your attack. The bat closely misses you.
The kobold misses you. You block the bat's attack.
You miss the bat. You hit the kobold. The bat hits you but does no damage.
You block the bat's attack. The kobold hits you but does no damage.
You miss the kobold.
The kobold is severely wounded.
You completely miss the bat. The bat hits you but does no damage.
The kobold misses you.
The kobold hits you with a +0 short sword.
You barely miss the kobold.
The kobold is severely wounded.
You closely miss the bat. The bat hits you but does no damage.
The kobold completely misses you.
You barely miss the kobold.
The kobold is severely wounded.
The bat barely misses you. You block the bat's attack.
The kobold closely misses you.
You hit the kobold but do no damage.
The kobold is severely wounded.
You hit the bat.
You kill the bat!
The kobold barely misses you.
The kobold zaps a wand.
Your mind is blasted!
Ouch! That really hurt!
* * * LOW HITPOINT WARNING * * *
Okay, then.
Okay, then.
Your scale mail prevents you from hitting the kobold.
The kobold is severely wounded.
The kobold zaps a wand.
Your mind is blasted!
Ouch! That really hurt!
You die...

.......##.. .......##.#
. .# ..#.....##.######
.. ..#.##.....##.##._.
..
#.#.##.....#.....###.#
#...#................#
#...................#..
#..............@K.$....
#......................
#<..............#(..#..
#...............#...#
#).†................#
##.##..................
#.)###.....#......#.###.
#..# ##.#.##.######.#
...####.#.##.#


You could see a kobold.

Vanquished Creatures
  An orc (D:2)
  4 ball pythons
  4 bats
  An endoplasm (D:1)
  A giant cockroach (D:1)
  3 hobgoblins (D:1)
  5 jackals
  2 quokkas (D:1)
  5 frilled lizards
  2 goblins (D:1)
  3 kobolds
  3 rats
34 creatures vanquished.

Vanquished Creatures (others)
  A plant (D:2)
1 creature vanquished.

Grand Total: 35 creatures vanquished

Notes
Turn   | Place    | Note
-------+----------+-------------------------------------------
     0 | D:1      | Ijustatesigmund the Hill Orc Fighter began the quest for
                  | the Orb.
     0 | D:1      | Reached XP level 1. HP: 19/19 MP: 1/1
   114 | D:1      | Reached XP level 2. HP: 27/27 MP: 2/2
   572 | D:1      | Reached XP level 3. HP: 28/33 MP: 3/3
   874 | D:2      | Found a faded altar of an unknown god.
   890 | D:2      | Blown up by a kobold

Illustrated notes

Levels and vault maps discovered:
D:1:      evilmike_arrival_crescent, layout_rooms, corexii_corridor_pit,
          minmay_heptomino_l4
D:2:      layout_rooms, hellmonk_ecumenical_altar_lost_god, st_stairs_11,
          amcnicky_mini_corridor_feature, serial_bayou_crossing, uniq_jessica

Skill      XL: |  1  2 |
---------------+-------+-----
Axes           | 3 4 |  4.4
Fighting       | 4 |  4.2
Armour         | |  3.2
Shields        | |  3.2

Action                   || total
-------------------------++-------
Melee: War axe           ||   117
  Use: Scroll            ||     3
Armor: Scale mail        ||    76
Dodge: Dodged            ||    89
Block: Buckler           ||    27

Table legend: (Time is in decaauts)
 A = Elapsed time spent in this place.
 B = Non-inter-level travel time spent in this place.
 C = Inter-level travel time spent in this place.
 D = Time resting spent in this place.
 E = Time spent auto-exploring this place.
 F = Levels seen in this place.
 G = Mean time per level.
                   A        B        C        D        E       F      G
               +--------+--------+--------+--------+--------+-----+--------+
         Total |    928 |    900 |     28 |      2 |    636 |   2 |  464.0 |
       Dungeon |    928 |    900 |     28 |      2 |    636 |   2 |  464.0 |
               +--------+--------+--------+--------+--------+-----+--------+

Top non-repeatable levels by time:
     D:1: 765 daAuts
     D:2: 162 daAuts
